 Dungeon Crawl Stone Soup version 0.27.0-1-g7a089689b8 (webtiles) character file.

Game seed: 16000474823892080530

72 Crownlay the Slasher (level 4, 0/39 HPs)
             Began as a Minotaur Berserker on Aug 9, 2021.
             Was a Believer of Trog.
             Slain by a gnoll (2 damage)
             ... on level 3 of the Dungeon.
             The game lasted 00:03:48 (1744 turns).

Crownlay the Slasher (Minotaur Berserker)           Turns: 1744, Time: 00:03:48

Health: 0/39       AC: 11    Str: 23    XL:     4   Next: 7%
Magic:  3/3        EV:  7    Int:  4    God:    Trog [**....]
Gold:   94         SH:  0    Dex:  9    Spells: 3/3 levels left

rFire    . . .     SeeInvis .   a - +0 falchion
rCold    . . .     Faith    .   (no shield)
rNeg     . . .     Spirit   .   h - +0 plate armour
rPois    .         Reflect  .   (helmet restricted)
rElec    .         Harm     .   (no cloak)
rCorr    .         Rampage  .   (no gloves)
Will     .....                  (no boots)
Stlth    ..........             (no amulet)
HPRegen  0.13/turn              (no ring)
MPRegen  0.08/turn              (no ring)

@: lethally poisoned (0 -> -2)
A: horns 2, retaliatory headbutt
a: Renounce Religion, Berserk, Trog's Hand


You were on level 3 of the Dungeon.
You worshipped Trog.
Trog was pleased with you.
You visited 1 branch of the dungeon, and saw 3 of its levels.

You collected 94 gold pieces.

Inventory:

Hand Weapons
 a - a +0 falchion (weapon)
Missiles
 o - 7 poisoned darts (quivered)
Armour
 h - a +0 plate armour (worn)
 m - a +0 buckler
Jewellery
 j - an amulet of magic regeneration
Scrolls
 c - 2 scrolls of vulnerability {unknown}
 e - 2 scrolls of amnesia {unknown}
 g - 3 scrolls of identify {unknown}
 k - a scroll of magic mapping {unknown}
Potions
 b - a potion of might {unknown}
 d - a potion of haste {unknown}
 f - a potion of magic {unknown}
 i - a potion of mutation {unknown}
 l - a potion of flight {unknown}
 n - a potion of curing {unknown}


   Skills:
 - Level 3.6 Fighting
 - Level 5.7 Long Blades
 - Level 2.4 Armour
 - Level 2.1 Dodging
 + Level 1.3 Shields


You had 3 spell levels left.
You didn't know any spells.
Your spell library was empty.

Dungeon Overview and Level Annotations

Branches:
Dungeon (3/15)

Altars:
Ru

Shops:
D:3 *


Innate Abilities, Weirdness & Mutations

You have a pair of horns on your head.
You reflexively headbutt those who attack you in melee.


Message History

The goblin blocks your attack.
The goblin is moderately wounded.
The gnoll hits you with a +0 whip.
The gnoll hits you but does no damage. x2
The goblin hits you but does no damage.
You hit the goblin. Your headbutt misses the goblin.
The goblin is severely wounded.
The gnoll hits you with a +0 whip. The gnoll barely misses you. x2
You furiously retaliate!
You headbutt the gnoll!
You riposte.
You slash the gnoll!
You kill the gnoll!
Trog accepts your kill. The gnoll hits you but does no damage.
The goblin hits you but does no damage.
Your Shields skill increases to level 1!
You have reached level 4!
You feel stronger.
You barely miss the goblin.
The goblin is severely wounded.
The gnoll hits you but does no damage. x2; The kobold throws a poisoned dart.
The poisoned dart hits you!
You are poisoned.
The goblin hits you but does no damage. The gnoll barely misses you.
The goblin blocks your attack.
The goblin is severely wounded.
You feel sick.
The gnoll hits you but does no damage. x2
The kobold throws a poisoned dart.
The poisoned dart barely misses you. The goblin hits you but does no damage.
The gnoll hits you but does no damage. x2
The goblin blocks your attack.
Your headbutt misses the goblin.
The goblin is severely wounded.
You feel sick. The gnoll hits you but does no damage.
The goblin hits you but does no damage. The gnoll completely misses you.
The gnoll hits you but does no damage.
You slash the goblin!
You kill the goblin!
Trog accepts your kill.
You feel sick.
The gnoll hits you from afar with a +0 halberd!
* * * LOW HITPOINT WARNING * * *
The kobold hits you but does no damage. The gnoll hits you but does no damage.
The gnoll hits you with a +0 whip.
You die...

g....8+8 #.##.......#
#.... ####....#
##.##.......# #.#..
####....######..##.......#
#.#..
................##.......#
#.#..
###.###.....###.##.......#
#.... ###.# #.#.......##
#.# #.#.# .##.#
#.#........# .. #....
.##.###........#g#.#..#
###..
..............gK@)....#
###
....####.....###g##.#.#
##### #.....# #... #.....#
#.##.. #.####...## ... #..
... .# ### #.## # .#


You could see 3 gnolls and a kobold.

Vanquished Creatures
  A hound skeleton (D:2)
  A gnoll (D:3)
  2 dart slugs (D:2)
  6 ball pythons
  6 bats
  4 endoplasms
  A giant cockroach (D:1)
  4 goblins
  10 hobgoblins
  2 quokkas
  2 frilled lizards
  5 kobolds
44 creatures vanquished.

Notes
Turn   | Place    | Note
-------+----------+-------------------------------------------
     0 | D:1      | Crownlay the Minotaur Berserker began the quest for the
                  | Orb.
     0 | D:1      | Reached XP level 1. HP: 19/19 MP: 0/0
    66 | D:1      | Reached skill level 4 in Long Blades
   190 | D:1      | Reached XP level 2. HP: 26/26 MP: 1/1
   508 | D:1      | Found a faded altar of an unknown god.
   717 | D:2      | Reached skill level 5 in Long Blades
   765 | D:2      | Reached XP level 3. HP: 31/31 MP: 2/2
   882 | D:2      | Reached ** piety under Trog
  1200 | D:2      | Found a sacrificial altar of Ru.
  1553 | D:3      | Found Ykholl's Assorted Antiques.
  1741 | D:3      | Reached skill level 1 in Shields
  1741 | D:3      | Reached XP level 4. HP: 16/39 MP: 3/3
  1744 | D:3      | Slain by a gnoll

Illustrated notes

Levels and vault maps discovered:
D:1:      lemuel_arrival_rhombus, layout_basic,
          shapermc_ecumenical_altar_rom_forum, minmay_tetromino_s2
D:2:      layout_loops_ring, basic_altar
D:3:      layout_loops_cross, jmf_multi_god_temple2, serial_shops,
          nicolae_shop_waterfront, nicolae_shop_waterfront

Skill      XL: |  1  2  3 |
---------------+----------+-----
Long Blades    | 4 5 |  5.7
Shields        | 1 |  1.3
Fighting       | |  3.6
Armour         | |  2.4
Dodging        | |  2.1

Action                   |  1- 3 |  4- 6 || total
-------------------------+-------+-------++-------
Melee: Falchion          |    90 |     4 ||    94
       Headbutt          |    10 |       ||    10
 Stab: Sleeping          |     1 |       ||     1
Armor: Animal skin       |     6 |       ||     6
       Plate armour      |    41 |    13 ||    54
Dodge: Dodged            |    38 |     3 ||    41
       Rpst.: Falchion   |     2 |       ||     2
